Zazza, neutral female human Tourist ------- ------------ |.....| -....?.....| ##......| |$.........| # |...<.| |B....*....| ----------### -----)- +.?.......` |........|# # f----B------ +........|# # ##x |........|### ### @ |.........# --.-- ### #h# |........|# |.... ## # #.........| |.....## ### ------------- ###-----.---- |.... #############d### |...........-#######`##`######### |... # # --.-.- |...........| ### ### |(.. #####` +>...| |...........| # # ----- # # |....| |............####### ################` #######.....| ------------- |....| ------ Zazza the Rambler Experience level: 1 Strength: 8 Dexterity: 12 Constitution: 18 Intelligence: 15 Wisdom: 7 Charisma: 16 Health: 0(12) Energy: 3(3) Def: 0 Gold: 1322 Moves: 1905 Dungeon seed: SsSbLwkkxO_gyT1G Game ID: Zazza_1619541289 Your Inventory: Coins $ - 1322 gold pieces Amulets B - an uncursed amulet of ESP (being worn) Weapons a - 26 +2 darts C - 15 +0 arrows D - 10 +0 ya F - a +0 elven dagger (weapon in hand) M - a blessed +1 orcish dagger N - a +0 orcish bow O - 2 poisoned +0 orcish arrows Armor e - an uncursed +0 Hawaiian shirt (being worn) y - an uncursed +0 leather armor Y - an uncursed +0 orcish cloak Comestibles d - 2 uncursed apples g - 2 uncursed tripe rations m - an uncursed egg t - 10 uncursed food rations K - an uncursed carrot Scrolls i - an uncursed scroll of magic mapping j - a blessed scroll of magic mapping p - an uncursed scroll of light u - an uncursed scroll of food detection Potions h - an uncursed potion of extra healing r - an uncursed potion of gain ability x - an uncursed potion of object detection A - an uncursed potion of fruit juice J - an uncursed potion of restore ability Rings q - a cursed ring of aggravate monster Wands w - a wand of cancellation (0:7) Tools k - an expensive camera (0:52) l - an uncursed credit card s - an uncursed magic whistle Gems n - an uncursed worthless piece of yellowish brown glass Spells and supernatural/magical abilities: Name Level Category Fail Memory W - pray for help -- divine ? -- Your skills at the end: Fighting Skills Weapon Skills dart [Basic] Spellcasting Skills Final Attributes: You were nominally aligned. You were telepathic. You were lucky. You are dead. Vanquished creatures: an Uruk-hai a kobold shaman 4 coyotes a hobbit 5 manes 3 hobgoblins 2 giant rats a yellow mold a gnome 7 jackals 3 kobolds 2 goblins 3 sewer rats 9 grid bugs a bat 7 lichens a kobold zombie 3 newts 55 creatures vanquished. Voluntary challenges: You used a wielded weapon 3 times, starting on turn 950. You read items or engraved 5 times, starting on turn 183. You never genocided any monsters. You never polymorphed an object. You never changed form. You used no wishes. You never split a pudding. You wrote Elbereth's name 1 time, starting on turn 1822. You never violated your personal moral code. Dungeon overview: The Dungeons of Doom: levels 1 to 6 Level 1 a fountain a long staircase Level 2 a general store, a sink stairs to The Gnomish Mines Level 3 Level 4 an altar to The Lady, a fountain Level 5 <- You were here Level 6 The Gnomish Mines: Level 3 stairs to The Dungeons of Doom History has recorded: On T:1 you entered the Dungeons of Doom to retrieve the Amulet of Yendor! On T:139 you reached level 2 of The Dungeons of Doom. On T:585 you reached level 1 of The Gnomish Mines. On T:599 you reached level 3 of The Dungeons of Doom. On T:1229 you reached level 4 of The Dungeons of Doom. On T:1659 you reached level 5 of The Dungeons of Doom. On T:1821 you reached level 6 of The Dungeons of Doom. Score breakdown: Gold: 519 ( 9238 points) Experience: 1 level ( 0 points) Exploration: 6 levels ( 13.04%) (10000 points) Discoveries: 3 items ( 1.01%) ( 3010 points) Valuables value: (no points given unless you survive) Artifact value: 0 ( 0 points) Variety of kills: 18 monsters ( 4.72%) ( 6520 points) Turncount: 1905 turns ( 0 points) Survival: died (score multiplied by 80%) Total score: 23014 Latest messages: You hear some noises in the distance. (2x) You hear a door open. The door opens. The grid bug bites! You get zapped! The bat bites! You begin praying to The Lady. You are surrounded by a shimmering light. The bat starts to attack you, but pulls back. The grid bug starts to attack you, but pulls back. The bat starts to attack you, but pulls back. (2x) The grid bug starts to attack you, but pulls back. (2x) The bat starts to attack you, but pulls back. You feel that The Lady is satisfied. The bat bites! You feel much better. The bat bites! The bugbear hits! You write in the dust with your fingers. The bugbear hits! You die... Final status: Aloha Zazza the Tourist, killed by a bugbear... You died in The Dungeons of Doom on dungeon level 5 with 23014 points, and 1322 pieces of gold, after 1905 moves. You were level 1 with a maximum of 12 hit points when you died.